 Dungeon Crawl Stone Soup version 0.18.1-6-gd335043 (webtiles) character file.

7926 McCoppin the Spear-Bearer (level 11, -11/81 HPs)
             Began as a Formicid Fighter on May 16, 2016.
             Was an Elder of Qazlal.
             Mangled by a polar bear (19 damage)
             ... on level 9 of the Dungeon.
             The game lasted 00:39:30 (11355 turns).

McCoppin the Spear-Bearer (Formicid Fighter)       Turns: 11355, Time: 00:39:30

Health: -11/81     AC: 12    Str: 21    XL:     11   Next: 46%
Magic:  15/15      EV:  7    Int:  9    God:    Qazlal [****..]
Gold:   526        SH: 16    Dex: 12    Spells: 0 memorised, 10 levels left

rFire  . . .     SeeInvis +     a - +0 trident
rCold  + . .     Gourm    .     m - +2 chain mail {rC+}
rNeg   + . .     Faith    .     c - +0 shield
rPois  .         Spirit   .     (helmet unavailable)
rElec  .         Dismiss  .     (no cloak)
rCorr  .         Reflect  .     g - +0 pair of gloves
SustAt .         Harm     .     (no boots)
MR     +....                    (no amulet)
Stlth  ..........               (no ring)
                                e - ring of positive energy

@: repel missiles, somewhat resistant to hostile enchantments, extremely
unstealthy
A: permanent stasis, dig shafts and tunnels, four strong arms, antennae 3
a: Dig, Shaft Self, Upheaval, Elemental Force, Renounce Religion


You were on level 9 of the Dungeon.
You worshipped Qazlal.
Qazlal was greatly pleased with you.
You were not hungry.

You visited 1 branch of the dungeon, and saw 10 of its levels.

You collected 526 gold pieces.

Inventory:

Hand Weapons
 a - a +0 trident (weapon)
 k - a +0 halberd
Armour
 b - a +0 scale mail
 c - a +0 shield (worn)
 d - a +0 large shield of poison resistance
 g - a +0 pair of gloves (worn)
 m - a +2 chain mail of cold resistance (worn)
 J - a +0 chain mail
 R - a +0 plate armour
Jewellery
 e - a ring of positive energy (left hand)
 o - an uncursed amulet of dismissal
 t - an uncursed ring of loudness
 F - the ring of the Commoners {*Confuse MR+++ MP+9 Int+2 Stlth+}
   (You found it on level 8 of the Dungeon)

   [ring of intelligence]

   It affects your intelligence (+2).
   It affects your resistance to hostile enchantments.
   It affects your magic capacity (+9).
   It may confuse you when you take damage.
   It makes you more stealthy.
Wands
 C - a wand of teleportation (3/9)
 E - a wand of paralysis (3/24)
 H - a wand of enslavement (8/24)
 K - a wand of lightning (8/15)
 M - a wand of teleportation (3/9)
 P - a wand of random effects (30/48)
 Q - a wand of teleportation (3/9)
Scrolls
 h - a scroll of random uselessness {unknown}
 i - 2 scrolls of immolation {unknown}
 l - 2 scrolls of noise {unknown}
 p - 3 scrolls of remove curse
 s - 3 scrolls of magic mapping
 w - 2 scrolls of amnesia
 y - 2 scrolls of fog {unknown}
 z - 2 scrolls of enchant armour
 B - a scroll of fear {unknown}
 S - 3 scrolls of enchant weapon {unknown}
Potions
 j - a potion of flight
 n - a potion of lignification
 q - 2 potions of curing {unknown}
 r - 3 potions of brilliance
 u - a potion of agility
 x - a potion of cancellation
 A - a potion of mutation {unknown}
 D - 2 potions of ambrosia
 G - a potion of beneficial mutation
 I - a potion of magic {unknown}
 O - a potion of haste {unknown}
Books
 N - a book of Frost

   Spells                             Type                      Level
   a - Freeze                         Ice                          1
   b - Throw Frost                    Conjuration/Ice              2
   c - Ozocubu's Armour               Charms/Ice                   3
   d - Throw Icicle                   Conjuration/Ice              4
   e - Summon Ice Beast               Ice/Summoning                4
Comestibles
 f - 7 bread rations
 v - 3 meat rations
 L - 4 fruits
 T - 2 beef jerkies
 U - 7 slices of pizza


   Skills:
 - Level 6.1 Fighting
 - Level 14.0 Polearms
 - Level 3.2 Armour
 + Level 7.7 Shields
 + Level 6.1 Invocations


You had 10 spell levels left.
You didn't know any spells.

Dungeon Overview and Level Annotations

Branches:
Dungeon (10/15)            Temple (0/1) D:6            Lair (0/8) D:9
    Orc: D:9-12

Altars:
Ashenzari
Dithmenos
Elyvilon
Gozag
Kikubaaqudgha
Nemelex Xobeh
Okawaru
Qazlal
Ru
Trog
Yredelemnul
Zin
The Shining One

Shops:
D:8 [


Innate Abilities, Weirdness & Mutations

You are under a permanent stasis effect.
You can dig through walls and to a lower floor.
Your four strong arms can wield two-handed weapons with a shield.
You have a pair of large antennae on your head (SInv).


Message History

You hit the polar bear.
The polar bear is severely wounded.
The crimson imp blinks!
The polar bear goes berserk!
You barely miss the polar bear.
The polar bear is severely wounded.
The polar bear bites you!
* * * LOW HITPOINT WARNING * * *
The polar bear claws you but does no damage. x2
You hit the polar bear.
The polar bear is severely wounded.
The polar bear bites you.
* * * LOW HITPOINT WARNING * * *
You block the polar bear's attack. x2
The polar bear rages.
The polar bear bites you!
* * * LOW HITPOINT WARNING * * *
The polar bear claws you but does no damage.
You block the polar bear's attack. The polar bear bites you!!
You die...

##...............## #####...
##.................####..#..##
#....................####..##.
####.............#....##..###.
#.............##......## #.
##...........###.....## #.
##..........##.....#### #.
##........##§........# ##
##.....@##..........## #
##..§.#h.5>.........# #
##..#.§.#..........## ###
###...##.§.........# #.##
##...###............##
#..#####...###..............#
##..##...#####..............#
###....## #................
###....## #................


You could see a polar bear (berserk) and a crimson imp.

Vanquished Creatures
  A death knight (D:8)
  The ghost of M4edhros the Cruncher, a novice FoFi of Qazlal (D:9)
  A manticore (D:9)
  A troll (D:6)
  Grinder (D:5)
  A wraith (D:10)
  The ghost of eeldvark the Poker, an amateur NaWr (D:4)
  6 yaks
  A human (D:9)
  Menkaure (D:5)
  A water moccasin (D:6)
  A wasp (D:7)
  3 orc warriors
  2 ice beasts (D:9)
  A sky beast (D:9)
  A black bear (D:6)
  5 ogres
  5 centaurs
  2 big kobolds
  5 giant frogs
  Blork the orc (D:4)
  A wyvern skeleton (D:7)
  3 scorpions
  8 wights
  7 crimson imps
  A howler monkey (D:5)
  2 centaur zombies
  A giant frog zombie (D:8)
  5 hounds
  3 giant frog skeletons
  2 jellies
  6 orc priests
  9 orc wizards
  Ijyb (D:2)
  2 iguanas
  14 worker ants
  2 sheep (D:9)
  A hound skeleton (D:10)
  4 gnolls (D:4)
  13 adders
  2 adder skeletons (D:4)
  3 worms
  A dart slug (D:2)
  7 giant geckos
  29 orcs
  2 ball pythons
  8 bats
  4 giant cockroaches
  5 goblins
  8 hobgoblins
  17 jackals
  6 quokkas
  3 giant newts
  19 kobolds
  A quokka skeleton (D:8)
  9 rats
251 creatures vanquished.

Vanquished Creatures (others)
  5 toadstools (D:1)
5 creatures vanquished.

Grand Total: 256 creatures vanquished

Notes
Turn   | Place    | Note
--------------------------------------------------------------
     0 | D:1      | McCoppin the Formicid Fighter began the quest for the Orb.
     0 | D:1      | Reached XP level 1. HP: 18/18 MP: 1/1
   237 | D:1      | Reached XP level 2. HP: 24/24 MP: 2/2
   651 | D:2      | Reached XP level 3. HP: 18/30 MP: 3/3
   977 | D:2      | Found a stormy altar of Qazlal.
   995 | D:2      | Reached skill level 3 in Polearms
  1009 | D:2      | Became a worshipper of Qazlal Stormbringer
  1086 | D:2      | Noticed Ijyb
  1087 | D:2      | Found a faded altar to an unknown god.
  1098 | D:2      | Killed Ijyb
  1098 | D:2      | Reached XP level 4. HP: 38/38 MP: 4/4
  1324 | D:2      | Found an opulent altar of Gozag.
  1324 | D:2      | Found a sparkling altar of Nemelex Xobeh.
  1401 | D:2      | Reached XP level 5. HP: 36/43 MP: 5/5
  1794 | D:2      | Reached skill level 5 in Fighting
  1977 | D:3      | Reached skill level 4 in Polearms
  2134 | D:3      | Reached * piety under Qazlal
  2592 | D:4      | Reached XP level 6. HP: 31/51 MP: 6/6
  2909 | D:4      | Reached skill level 5 in Polearms
  3005 | D:4      | Reached XP level 7. HP: 48/58 MP: 7/7
  3160 | D:4      | Reached ** piety under Qazlal
  3373 | D:4      | Noticed eeldvark's ghost (amateur NaWr)
  3400 | D:4      | Killed eeldvark's ghost
  3400 | D:4      | Reached skill level 6 in Polearms
  3467 | D:4      | Found an iron altar of Okawaru.
  3590 | D:4      | Noticed Blork the orc
  3598 | D:4      | Killed Blork the orc
  3598 | D:4      | Reached skill level 7 in Polearms
  3598 | D:4      | Reached XP level 8. HP: 47/64 MP: 8/8
  3710 | D:5      | Entered Level 5 of the Dungeon
  3767 | D:5      | Noticed Grinder
  4120 | D:5      | Killed Grinder
  4120 | D:5      | Reached skill level 8 in Polearms
  4441 | D:5      | Reached skill level 9 in Polearms
  4594 | D:5      | Noticed Menkaure
  4606 | D:5      | Killed Menkaure
  4638 | D:5      | Found a glowing golden altar of the Shining One.
  4683 | D:5      | Reached XP level 9. HP: 57/69 MP: 9/9
  4738 | D:5      | Found a basalt altar of Yredelemnul.
  5109 | D:5      | Noticed an angel
  5228 | D:6      | Reached skill level 10 in Polearms
  5236 | D:6      | Reached *** piety under Qazlal
  5645 | D:6      | Noticed a troll
  5652 | D:6      | Found a staircase to the Ecumenical Temple.
  5675 | D:6      | Reached skill level 11 in Polearms
  5725 | D:6      | Killed a troll
  5939 | D:6      | Found a shattered altar of Ashenzari.
  6109 | D:7      | Found a sacrificial altar of Ru.
  6157 | D:7      | Found an ancient bone altar of Kikubaaqudgha.
  6346 | D:7      | Found a white marble altar of Elyvilon.
  6436 | D:7      | Found a shadowy altar of Dithmenos.
  6438 | D:7      | Found a bloodstained altar of Trog.
  6530 | D:7      | Reached skill level 12 in Polearms
  6530 | D:7      | Reached XP level 10. HP: 76/76 MP: 10/10
  6813 | D:8      | Noticed a death knight
  7078 | D:8      | Got a faintly glowing copper ring
  7081 | D:8      | Identified the ring of the Commoners {*Confuse MR+++ MP+9 Int+2 Stlth+} (You found it on level 8 of the Dungeon)
  7738 | D:8      | HP: 3/76 [death knight/great sword (25)]
  7741 | D:8      | Killed a death knight
  7741 | D:8      | Reached skill level 13 in Polearms
  8326 | D:8      | Reached **** piety under Qazlal
  8697 | D:8      | Reached skill level 14 in Polearms
  8776 | D:8      | Found a glowing silver altar of Zin.
  8878 | D:8      | Found Faopn's Antique Armour Emporium.
  9115 | D:9      | Reached skill level 1 in Invocations
  9266 | D:9      | Noticed M4edhros's ghost (novice FoFi)
  9502 | D:9      | Reached XP level 11. HP: 81/81 MP: 12/12
  9595 | D:9      | Reached skill level 5 in Shields
  9616 | D:9      | Noticed a manticore
  9733 | D:9      | Killed M4edhros's ghost
  9884 | D:9      | HP: 4/81 [manticore (3)]
  9891 | D:9      | Killed a manticore
  9891 | D:9      | Reached skill level 5 in Invocations
 10324 | D:9      | Found a staircase to the Lair.
 11135 | D:10     | Entered Level 10 of the Dungeon
 11296 | D:10     | Noticed a hill giant
 11355 | D:9      | Mangled by a polar bear

Skill      XL: |  1  2  3  4  5  6  7  8  9 10 11 |
---------------+----------------------------------+-----
Fighting       | 4 5 6 |  6.1
Polearms       | 3 4 5 7 9 12 14 | 14.0
Invocations    | 2 6 |  6.1
Shields        | 4 7 |  7.7
Armour         | |  3.2

Action                   |  1- 3 |  4- 6 |  7- 9 | 10-12 || total
-------------------------+-------+-------+-------+-------++-------
Melee: Trident           |   103 |   258 |   535 |   567 ||  1463
Invok: Upheaval          |       |       |       |     2 ||     2
       Elemental Force   |       |       |       |     1 ||     1
 Abil: Dig               |       |     3 |     2 |     2 ||     7
  Use: Scroll            |       |     2 |     3 |     7 ||    12
       Potion            |       |       |     2 |     7 ||     9
  Eat: Chunk             |       |     5 |     3 |       ||     8
       Beef jerky        |       |     1 |       |     2 ||     3
       Pizza             |       |     1 |       |     1 ||     2
       Royal jelly       |       |       |     2 |       ||     2
       Meat ration       |       |       |     1 |     2 ||     3
       Fruit             |       |       |       |     2 ||     2
Armor: Scale mail        |    49 |    95 |    93 |       ||   237
       Chain mail        |       |       |    22 |    87 ||   109
       Skin              |       |       |       |     5 ||     5
Dodge: Dodged            |    18 |    55 |    89 |    40 ||   202
       Deflected         |       |       |       |     1 ||     1
Block: Shield            |    47 |   124 |   260 |   289 ||   720
